[Event "Esbjerg Efterår 2021 - Esbjergmesterskabet"]
[Site "Esbjerg, Denmark"]
[Date "2021.10.22"]
[Round "1.1"]
[White "Pedersen, Nicolai Vesterbæk"]
[Black "Schou-Jørgensen, Jan"]
[Result "1-0"]
[TimeControl "1.-3. 20 min + 5 sek, 4.-7. 90 min + 30 sek"]
[WhiteElo "2343"]
[BlackElo "1722"]

1. c4 c6 2. d4 d5 3. Nf3 Nf6 4. e3 Bf5 5. Nc3 e6 6. Nh4 Bg6 7. Nxg6 hxg6 8. Bd2 Bd6 9. Qb3 Qb6 10.
c5 Qxb3 11. axb3 Bc7 12. b4 a6 13.
b5 O-O 14. b6 Bd8 15. b4 Nbd7 16. b5 cxb5 17. Bxb5 Be7 18. Ba4 1-0

[Event "Esbjerg Efterår 2021 - Esbjergmesterskabet"]
[Site "Esbjerg, Denmark"]
[Date "2021.10.22"]
[Round "1.2"]
[White "Dybdal, Frank"]
[Black "Rødgaard, John"]
[Result "0-1"]
[TimeControl "1.-3. 20 min + 5 sek, 4.-7. 90 min + 30 sek"]
[WhiteElo "1687"]
[BlackElo "2319"]

1. c4 e6 2. Nc3 d5 3. cxd5 exd5 4. d4 c6 5. g3 Bf5 6. Bg2 Nf6 7. Nf3 Bd6 8. O-O O-O 9. Nh4 Be6 10.
Qc2 Nbd7 11. Nf5 Bxf5 12. Qxf5 Re8 13. Bg5 Qb6 14. e3 h6 15. Bxf6 Nxf6 16. Rfc1 Re7 17. Na4 Qd8 18. Bf1 Re6 19.
Nc5 Bxc5 20. Rxc5 Qe7 21. Bd3 g6 22. Qf3 Kg7 23. Rb1 a5 24. a3 a4 25. Qd1 Nd7 26. Rc3 Qd8 27. b4 axb3 28.
Rcxb3 b6 29. Qc2 Qe7 30. Qb2 h5 31.
h4 Qd6 32. Rb4 Rae8 33. a4 Rxe3 34. fxe3 Qxg3+ 35. Qg2 Qxe3+ 36. Kh2 Qxd3 37. Rf1 Nf6 38. Rb2 Ng4+ 0-1

[Event "Esbjerg Efterår 2021 - Esbjergmesterskabet"]
[Site "Esbjerg, Denmark"]
[Date "2021.10.22"]
[Round "1.3"]
[White "Erikkson, Christian Altenburg"]
[Black "Pommerencke, Lars"]
[Result "1-0"]
[TimeControl "1.-3. 20 min + 5 sek, 4.-7. 90 min + 30 sek"]
[WhiteElo "2135"]
[BlackElo "1630"]

1. e4 e5 2. Nf3 Nc6 3. d4 exd4 4. Nxd4 Nxd4 5. Qxd4 Qf6 6. Be3 Qxd4 7. Bxd4 f6 8. Nc3 c6 9. g3 Bb4 10.
a3 Ba5 11. Bg2 Bb6 12. O-O-O Ne7 13. Rhe1 Bxd4 14. Rxd4 Ng6 15. f4 O-O 16. Rd6 Re8 17. Red1 Re7 18. h4 b5 19. e5 fxe5 20.
f5 Nf8 21. Nxb5 a5 22. Nc3 Ra7 23. Ne4 Ba6 24. Bf3 Bc4 25. Nc5 Bf7 26. g4 a4 27. g5 Ra5 28. Nxd7 Nxd7 29. Rxd7 Rxd7 30.
Rxd7 Bd5 31. Be2 Rc5 32. Kd2 Be4 33. Bd3 Bxd3 34. Kxd3 Rd5+ 35. Rxd5 cxd5 36. b4 Kf8 37. c4 1-0

[Event "Esbjerg Efterår 2021 - Esbjergmesterskabet"]
[Site "Esbjerg, Denmark"]
[Date "2021.10.22"]
[Round "1.4"]
[White "Bekmuhanov, Sauran"]
[Black "Bønnelykke, Ole"]
[Result "0-1"]
[TimeControl "1.-3. 20 min + 5 sek, 4.-7. 90 min + 30 sek"]
[WhiteElo "1623"]
[BlackElo "1991"]

1. e4 c5 2. Nf3 e6 3. d4 cxd4 4. Nxd4 a6 5. Nc3 Qc7 6.
Be3 Nc6 7. f3 b5 8. Bd3 Bb7 9. O-O Rc8 10. a3 Nf6 11. Re1 Nxd4 12. Bxd4 Bc5 13. Bxc5 Qxc5+ 14. Kf1 d5 15. exd5 Nxd5 16.
Nxd5 Bxd5 17. Qd2 O-O 18. Rad1 f5 19. Qf2 Qc7 20. f4 Be4 21. c3 e5 22. Bxe4 fxe4 23. Rxe4 exf4 24. Rde1 f3 25.
gxf3 Qf7 26. Kg2 Rc6 27. Rg4 Rf6 28. Rg3 Rd8 29. Qc2 Rfd6 30. Re2 Rd3 31. f4 Qb7+ 32. Kf2 Qb6+ 33. Kg2 Qc6+ 34.
Kf2 Qc5+ 35. Kg2 Qd5+ 36. Kf2 Rd1 0-1

[Event "Esbjerg Efterår 2021 - Esbjergmesterskabet"]
[Site "Esbjerg, Denmark"]
[Date "2021.10.22"]
[Round "1.5"]
[White "Mortensen, Henrik"]
[Black "Vinther, Christoffer"]
[Result "1-0"]
[TimeControl "1.-3. 20 min + 5 sek, 4.-7. 90 min + 30 sek"]
[WhiteElo "1991"]
[BlackElo "1607"]

1. d4 Nf6 2. Nc3 g6 3. e4 d6 4. g3 Bg7 5. Bg2 Nc6 6. h3 O-O 7. Nge2 e5 8. Be3 Ne8 9. O-O f5 10.
exf5 Bxf5 11. Qd2 Qc8 12. Kh2 Nf6 13. Rae1 Nb4 14. g4 Be6 15. a3 Nbd5 16. Nxd5 Nxd5 17. Bxd5 Bxd5 18. dxe5 Bxe5+ 19. f4 Qe6 20. fxe5 Qxe5+ 21. Bf4 Qe4 22. Nc3 1-0

[Event "Esbjerg Efterår 2021 - Esbjergmesterskabet"]
[Site "Esbjerg, Denmark"]
[Date "2021.10.22"]
[Round "1.6"]
[White "Jensen, Lars"]
[Black "Pedersen, Lars Wiilton"]
[Result "0-1"]
[TimeControl "1.-3. 20 min + 5 sek, 4.-7. 90 min + 30 sek"]
[WhiteElo "1546"]
[BlackElo "1991"]

1. e4 d5 2. exd5 Nf6 3. c4 e6 4. Nc3 exd5 5. cxd5 Nxd5 6. Nf3 Be6 7. Be2 Be7 8. O-O O-O 9. d4 Nc6 10.
a3 Bf6 11. Be3 Re8 12. Rc1 Bg4 13. Qb3 Nxe3 14. fxe3 Rxe3 15. Bc4 Bxf3 16. Rxf3 Rxf3 17. gxf3 Bxd4+ 18. Kf1 Qf6 19. Bd5 Re8 20.
Ne4 Qf4 21. Rc2 Ne5 22. Kg2 c6 23. Bc4 b5 24. Be2 h6 25. Ng3 a6 26. Ne4 Kh8 27. Ng3 Ng6 28. Qd3 c5 29. Kf1 Nh4 30.
Qd2 Re3 31. Ke1 0-1

[Event "Esbjerg Efterår 2021 - Esbjergmesterskabet"]
[Site "Esbjerg, Denmark"]
[Date "2021.10.22"]
[Round "1.7"]
[White "Jensen, Henrik Tranberg"]
[Black "Marcussen, Claus"]
[Result "1-0"]
[TimeControl "1.-3. 20 min + 5 sek, 4.-7. 90 min + 30 sek"]
[WhiteElo "1960"]
[BlackElo "1543"]

1. d4 f5 2. Nc3 Nf6 3. Bg5 e6 4. e4 fxe4 5. Nxe4 Be7 6. Bd3 O-O 7. Nf3 Nxe4 8. Bxe7 Nxf2 9. Bxd8 Nxd1 10. Be7 Re8 11. Rxd1 Rxe7 12. O-O d6 13. Ng5 g6 14. Rf2 Bd7 15.
Rdf1 Nc6 16. Rf7 Rae8 17. c3 Rxf7 18. Rxf7 Re7 19. Rf2 Nd8 20. h4 Nf7 21. Ne4 Bc6 22. Nf6+ Kg7 23. h5 Nh6 24.
g4 Rf7 25. g5 Nf5 26. d5 Bxd5 27. Bxf5 gxf5 28. Kh2 Bxa2 29. Kg3 Rxf6 30. gxf6+ Kxf6 31. b4 Bd5 32. Kh4 e5 33. Rd2 Bc6 34. c4 a6 35. Rd1 e4 36.
Rg1 Ke5 37. h6 f4 38. Rg7 f3 39. Rxh7 e3 40. Re7+ Kd4 41.
h7 Kd3 1-0

[Event "Esbjerg Efterår 2021 - Esbjergmesterskabet"]
[Site "Esbjerg, Denmark"]
[Date "2021.10.22"]
[Round "1.8"]
[White "Christensen, Joel Nødskov"]
[Black "Jarlnæs, Erik"]
[Result "0-1"]
[TimeControl "1.-3. 20 min + 5 sek, 4.-7. 90 min + 30 sek"]
[WhiteElo "1404"]
[BlackElo "1952"]

1. d4 Nf6 2. g3 e6 3. Bg2 d5 4. Nf3 c5 5. e3 Nc6 6. O-O Bd6 7. a3 b6 8. c3 O-O 9. dxc5 bxc5 10.
Bd2 c4 11. Nd4 Ne5 12. b4 cxb3 13. Qxb3 Ba6 14. Rd1 Rb8 15. Qa4 Rb6 16. Bf1 Bxf1 17. Rxf1 Qd7 18. Qxd7 Nfxd7 19. a4 Nc5 20.
a5 Rb7 21. Na3 Ne4 22. Nab5 Bc5 23. a6 Rxb5 24. Nxb5 Nxd2 25. Rfd1 Nec4 26. Ra2 Rb8 27. Nd4 Ne4 28. Rc2 Rb6 29.
Rd3 g6 30. f3 Ned6 31. Kg2 Rxa6 32. e4 dxe4 33. fxe4 Nxe4 34. Kf3 Ned6 35. Nb3 Ne5+ 0-1

[Event "Esbjerg Efterår 2021 - Esbjergmesterskabet"]
[Site "Esbjerg, Denmark"]
[Date "2021.10.22"]
[Round "1.9"]
[White "Husum, Lars"]
[Black "Jensen, Lucas"]
[Result "1-0"]
[TimeControl "1.-3. 20 min + 5 sek, 4.-7. 90 min + 30 sek"]
[WhiteElo "1876"]
[BlackElo "1372"]

1. e4 c6 2. Nc3 d5 3. d4 dxe4 4. Nxe4 Bf5 5. Ng3 Bg6 6. Nf3 Nd7 7. Bc4 e6 8. O-O Ngf6 9. Re1 Be7 10. Bf4 O-O 11. c3 Nd5 12. Bd2 Rc8 13. Bb3 Bf6 14.
Kh1 N7b6 15. a4 Re8 16. Ne5 Bf5 17. Nxf5 exf5 18. Qf3 g6 19. a5 Nd7 20. Bxd5 Nxe5 21. dxe5 Qxd5 22. Qxd5 cxd5 23.
exf6 Rxe1+ 24. Rxe1 Kf8 25. Bh6+ Kg8 26. Re7 d4 27. cxd4 Rc1+ 28. Bxc1 1-0